[Event "FICS rated blitz game"]
[Site "FICS freechess.org"]
[FICSGamesDBGameNo "20001428"]
[White "Drale"]
[Black "Ripple"]
[WhiteElo "1527"]
[BlackElo "1618"]
[WhiteRD "na"]
[BlackRD "na"]
[TimeControl "180+0"]
[Date "1999.08.23"]
[Time "15:13:00"]
[WhiteClock "0:03:00.000"]
[BlackClock "0:03:00.000"]
[ECO "B76"]
[PlyCount "97"]
[Result "0-1"]

1. e4 c5 2. Nf3 Nc6 3. d4 cxd4 4. Nxd4 g6 5. Be3 Bg7 6. Qd2 d6 7. f3 Nf6 8. Nc3 O-O 9. O-O-O Bd7 10. Bh6 Rc8 11. Bxg7 Kxg7 12. h4 e5 13. Nde2 Ne8 14. h5 Be6 15. hxg6 fxg6 16. Qh6+ Kf7 17. Qxh7+ Ng7 18. Rh6 Ne7 19. Nd5 Bxd5 20. exd5 Rh8 21. Qxh8 Qxh8 22. Rxh8 Rxh8 23. Nc3 Rh1 24. Bd3 Rxd1+ 25. Kxd1 Ngf5 26. Ke2 Nh4 27. g3 Nhf5 28. g4 Nd4+ 29. Ke3 b5 30. f4 b4 31. fxe5 bxc3 32. bxc3 Nxd5+ 33. Kxd4 Nf4 34. exd6 Nxd3 35. cxd3 Ke6 36. Kc5 Kd7 37. Kd5 a5 38. a4 g5 39. c4 Kd8 40. Ke6 Ke8 41. d7+ Kd8 42. d4 Kc7 43. Ke7 Kc6 44. d8=Q Kb7 45. Qd7+ Kb6 46. c5+ Ka6 47. Qb5+ Ka7 48. Qxa5+ Kb7 49. c6+ {White forfeits on time} 0-1

[Event "FICS rated blitz game"]
[Site "FICS freechess.org"]
[FICSGamesDBGameNo "20001427"]
[White "Huevon"]
[Black "Runar"]
[WhiteElo "1769"]
[BlackElo "1711"]
[WhiteRD "na"]
[BlackRD "na"]
[TimeControl "180+0"]
[Date "1999.08.23"]
[Time "13:00:00"]
[WhiteClock "0:03:00.000"]
[BlackClock "0:03:00.000"]
[ECO "A02"]
[PlyCount "29"]
[Result "1-0"]

1. f4 c5 2. b3 d5 3. Bb2 Nc6 4. Nf3 e6 5. e3 Nf6 6. Bb5 a6 7. Bxc6+ bxc6 8. O-O Be7 9. Qe1 h6 10. d3 O-O 11. Qg3 a5 12. Nbd2 Bd6 13. e4 dxe4 14. Nxe4 Nxe4 15. Qxg7# {Black checkmated} 1-0

[Event "FICS rated blitz game"]
[Site "FICS freechess.org"]
[FICSGamesDBGameNo "20001426"]
[White "Gambini"]
[Black "FENTY"]
[WhiteElo "1822"]
[BlackElo "1784"]
[WhiteRD "na"]
[BlackRD "na"]
[TimeControl "180+0"]
[Date "1999.08.22"]
[Time "22:13:00"]
[WhiteClock "0:03:00.000"]
[BlackClock "0:03:00.000"]
[ECO "B24"]
[PlyCount "127"]
[Result "1/2-1/2"]

1. e4 c5 2. Nc3 e6 3. g3 Nc6 4. Bg2 Nf6 5. Nge2 d6 6. d3 Be7 7. O-O Qc7 8. Bf4 a6 9. h3 b5 10. g4 h6 11. Ng3 Rb8 12. Nce2 e5 13. Be3 g5 14. Nf5 Bxf5 15. exf5 d5 16. c3 Rd8 17. d4 cxd4 18. cxd4 e4 19. Rc1 Qd6 20. Qb3 Rc8 21. f3 Bd8 22. Nc3 Bc7 23. f4 Rg8 24. Qd1 gxf4 25. Bxf4 Qxf4 26. Rxf4 Bxf4 27. Rc2 Be3+ 28. Kh1 Nxd4 29. Rd2 Bxd2 30. Qxd2 Nf3 31. Bxf3 exf3 32. Nxd5 Nxd5 33. Qxd5 f2 34. Kg2 h5 35. Qe4+ Kf8 36. f6 Rg6 37. Kxf2 Rxf6+ 38. Kg3 Re8 39. Qb4+ Kg8 40. Qc5 hxg4 41. Qg5+ Rg6 42. Qc5 gxh3+ 43. Kxh3 Kg7 44. Qd4+ Kh7 45. Qc3 Rh8 46. a3 Kg8+ 47. Qxh8+ Kxh8 48. b4 Rc6 49. Kg4 Rc3 50. Kf5 Rxa3 51. Ke4 Ra4 52. Kd5 Rxb4 53. Kc5 Rc4+ 54. Kb6 Rc8 55. Kxa6 f5 56. Kxb5 Rf8 57. Kb6 f4 58. Kc5 Kg7 59. Kd4 f3 60. Kd5 Kg6 61. Kc6 Kg5 62. Kd7 f2 63. Ke6 f1=Q 64. Kd5 {Black ran out of time and White has no material to mate} 1/2-1/2

[Event "FICS rated blitz game"]
[Site "FICS freechess.org"]
[FICSGamesDBGameNo "20001425"]
[White "Jedyknight"]
[Black "Yoramo"]
[WhiteElo "969"]
[BlackElo "1277"]
[WhiteRD "na"]
[BlackRD "na"]
[TimeControl "180+12"]
[Date "1999.08.22"]
[Time "19:20:00"]
[WhiteClock "0:03:00.000"]
[BlackClock "0:03:00.000"]
[ECO "C60"]
[PlyCount "40"]
[Result "1-0"]

1. e4 e5 2. Nf3 Nc6 3. Bb5 Qf6 4. a4 Nb4 5. c3 Nc6 6. d3 h6 7. Bxc6 dxc6 8. d4 exd4 9. Nxd4 Bc5 10. Be3 Ne7 11. b4 Bb6 12. a5 Bxd4 13. cxd4 O-O 14. e5 Qg6 15. O-O Nf5 16. Qd3 Be6 17. Nd2 Nh4 18. g3 Qxd3 19. Ra2 Ng6 20. a6 Bxa2 {Black resigns} 1-0

[Event "FICS rated blitz game"]
[Site "FICS freechess.org"]
[FICSGamesDBGameNo "20001423"]
[White "appollo"]
[Black "HenryVIII"]
[WhiteElo "1430"]
[BlackElo "1813"]
[WhiteRD "na"]
[BlackRD "na"]
[TimeControl "300+0"]
[Date "1999.08.22"]
[Time "16:22:00"]
[WhiteClock "0:05:00.000"]
[BlackClock "0:05:00.000"]
[ECO "B53"]
[PlyCount "96"]
[Result "0-1"]

1. e4 c5 2. Nf3 d6 3. d4 cxd4 4. Qxd4 Nf6 5. e5 Nc6 6. Qa4 dxe5 7. Nxe5 Bd7 8. Nxd7 Qxd7 9. Bb5 e6 10. O-O Be7 11. c4 O-O 12. Rd1 Qc7 13. c5 Rfd8 14. Rxd8+ Rxd8 15. Nc3 Nd4 16. Be3 Bxc5 17. Bxd4 Rxd4 18. Qb3 a6 19. Bf1 b5 20. Bxb5 Rb4 21. Qc2 axb5 22. a3 Rc4 23. Rc1 Nd5 24. Qe2 Nxc3 25. bxc3 Bxa3 26. Rc2 b4 27. Qf3 h6 28. Qa8+ Kh7 29. Re2 Rxc3 30. Qe4+ g6 31. h3 b3 32. g4 Rxh3 33. g5 Qh2+ 34. Kf1 Qh1+ 35. Qxh1 Rxh1+ 36. Kg2 Rh5 37. gxh6 b2 38. Re1 Rc5 39. Rh1 Rc1 40. Rh2 b1=Q 41. f4 Rc2+ 42. Kf3 Qb3+ 43. Ke4 Rxh2 44. Ke5 Bb2+ 45. Kd6 Rd2+ 46. Ke7 Qb7+ 47. Ke8 Qd7+ 48. Kf8 Ba3# {White checkmated} 0-1

[Event "FICS rated blitz game"]
[Site "FICS freechess.org"]
[FICSGamesDBGameNo "20001422"]
[White "Firemaker"]
[Black "Nanoc"]
[WhiteElo "1271"]
[BlackElo "1328"]
[WhiteRD "na"]
[BlackRD "na"]
[TimeControl "180+8"]
[Date "1999.08.22"]
[Time "15:01:00"]
[WhiteClock "0:03:00.000"]
[BlackClock "0:03:00.000"]
[ECO "C02"]
[PlyCount "70"]
[Result "0-1"]

1. d4 d5 2. e4 e6 3. e5 Nc6 4. Nf3 Be7 5. Bb5 a6 6. Bd3 Na7 7. O-O c5 8. c3 c4 9. Bc2 h6 10. Nbd2 b5 11. b3 Bb7 12. bxc4 dxc4 13. Ne4 Qc7 14. Be3 Nc6 15. a4 Bd8 16. Nc5 Nge7 17. Be4 O-O 18. Nxb7 Qxb7 19. axb5 axb5 20. Rxa8 Qxa8 21. Qa1 Ba5 22. Nd2 Nd5 23. Bxd5 exd5 24. Nf3 Ne7 25. Rc1 Nf5 26. Bf4 Bc7 27. Qb2 Qb7 28. Rb1 Rb8 29. Nd2 Ne7 30. g3 Nc6 31. Kg2 b4 32. e6 Bxf4 33. gxf4 fxe6 34. Kf3 b3 35. Ra1 Ne7 {White forfeits on time} 0-1

[Event "FICS rated blitz game"]
[Site "FICS freechess.org"]
[FICSGamesDBGameNo "20001421"]
[White "gleonce"]
[Black "Morovisk"]
[WhiteElo "1759"]
[BlackElo "1808"]
[WhiteRD "na"]
[BlackRD "na"]
[TimeControl "300+0"]
[Date "1999.08.22"]
[Time "14:25:00"]
[WhiteClock "0:05:00.000"]
[BlackClock "0:05:00.000"]
[ECO "B57"]
[PlyCount "82"]
[Result "0-1"]

1. e4 c5 2. Nf3 Nc6 3. Bc4 d6 4. d4 cxd4 5. Nxd4 Nf6 6. Nc3 Bd7 7. f4 Qb6 8. Nb3 Ng4 9. Qe2 e5 10. Nd5 Qd8 11. Bd2 Rc8 12. O-O-O exf4 13. Bxf4 Nce5 14. Bd3 Nf6 15. Bg5 h5 16. h3 h4 17. Rhf1 Be7 18. Bxf6 gxf6 19. Nd4 Qa5 20. Kb1 Be6 21. Nxe6 fxe6 22. Nxf6+ Kd8 23. Ng4 Nxd3 24. Rxd3 Rc5 25. Rfd1 Kc7 26. Qd2 Qb5 27. Rb3 Qc6 28. Qd4 Rf8 29. Qg7 Kd8 30. Rc1 Qxe4 31. Rd3 Rg5 32. Qc3 Kd7 33. Rd4 Qc6 34. Rc4 Qd5 35. Rc7+ Ke8 36. Rc8+ Bd8 37. Qc4 Qxc4 38. Rxc4 d5 39. Rc8 Rgf5 40. Re1 Kd7 41. Rc3 b5 {White forfeits on time} 0-1

[Event "FICS rated blitz game"]
[Site "FICS freechess.org"]
[FICSGamesDBGameNo "20001420"]
[White "vadimgur"]
[Black "Aesculap"]
[WhiteElo "1489"]
[BlackElo "1561"]
[WhiteRD "na"]
[BlackRD "na"]
[TimeControl "0+10"]
[Date "1999.08.22"]
[Time "13:36:00"]
[WhiteClock "0:10.000"]
[BlackClock "0:10.000"]
[ECO "C01"]
[PlyCount "99"]
[Result "0-1"]

1. e4 e6 2. Nf3 d5 3. exd5 exd5 4. d4 Nf6 5. Bd3 Be7 6. O-O Bg4 7. Nc3 O-O 8. Be2 Bd6 9. Ne5 Bxe2 10. Qxe2 a6 11. Bg5 Nbd7 12. Nxd7 Qxd7 13. Bxf6 gxf6 14. Qf3 c6 15. Qxf6 Qe6 16. Qxe6 fxe6 17. Rae1 Rf6 18. Ne2 Raf8 19. f3 Rh6 20. h3 Rff6 21. f4 Rfg6 22. Kh1 Rf6 23. b3 Bb4 24. Rc1 Bd2 25. Rcd1 Bb4 26. c4 Bf8 27. Ng3 Rh4 28. f5 exf5 29. Nxf5 Rh5 30. Ng3 Rhh6 31. Rxf6 Rxf6 32. Rf1 Rxf1+ 33. Nxf1 Kf7 34. cxd5 cxd5 35. Ne3 Ke6 36. Ng4 Bb4 37. Ne5 Bc3 38. Nf3 Kf5 39. Kh2 h6 40. Kg3 Ke4 41. Kg4 Bxd4 42. Kh5 Be3 43. Kg6 d4 44. h4 d3 45. a3 d2 46. Nxd2+ Bxd2 47. g4 Kd4 48. g5 Bxg5 49. hxg5 hxg5 50. b4 {White resigns} 0-1

[Event "FICS rated blitz game"]
[Site "FICS freechess.org"]
[FICSGamesDBGameNo "20001419"]
[White "stargleamer"]
[Black "Smak"]
[WhiteElo "1555"]
[BlackElo "1392"]
[WhiteRD "na"]
[BlackRD "na"]
[TimeControl "120+12"]
[Date "1999.08.22"]
[Time "13:28:00"]
[WhiteClock "0:02:00.000"]
[BlackClock "0:02:00.000"]
[ECO "B23"]
[PlyCount "62"]
[Result "0-1"]

1. e4 c5 2. Nc3 d6 3. g3 Nf6 4. Bg2 Nc6 5. Nge2 e6 6. d4 cxd4 7. Nxd4 Bd7 8. O-O Be7 9. f4 Qb6 10. Be3 Qxb2 11. Qd2 O-O 12. Rab1 Qa3 13. Rxb7 Rfd8 14. Rfb1 Nxd4 15. Bxd4 e5 16. fxe5 dxe5 17. R7b3 Qa5 18. Be3 Rac8 19. Qe1 Be6 20. Bd2 Bxb3 21. Rxb3 Bc5+ 22. Kh1 Bb4 23. a3 Bxc3 24. Bxc3 Qc5 25. Bd2 Qxc2 26. Rb7 Qxd2 27. Qxd2 Rxd2 28. h3 h5 29. Rxa7 Rc1+ 30. Kh2 Rcc2 31. g4 Rxg2+ {White resigns} 0-1

[Event "FICS rated blitz game"]
[Site "FICS freechess.org"]
[FICSGamesDBGameNo "20001418"]
[White "Aesculap"]
[Black "muchacho"]
[WhiteElo "1555"]
[BlackElo "1454"]
[WhiteRD "na"]
[BlackRD "na"]
[TimeControl "180+1"]
[Date "1999.08.22"]
[Time "10:01:00"]
[WhiteClock "0:03:00.000"]
[BlackClock "0:03:00.000"]
[ECO "C10"]
[PlyCount "73"]
[Result "1-0"]

1. e4 e6 2. d4 d5 3. Nc3 c5 4. exd5 exd5 5. dxc5 d4 6. Ne4 f5 7. Ng3 Bxc5 8. Bd3 Qe7+ 9. N1e2 f4 10. Ne4 Bf5 11. Nxc5 Bxd3 12. Nxd3 f3 13. gxf3 Nf6 14. Bg5 O-O 15. Qd2 Nbd7 16. O-O-O h6 17. Bf4 Rac8 18. Nxd4 Nd5 19. Be3 N7b6 20. Rhg1 Nc4 21. Qe2 Ndxe3 22. fxe3 Nxe3 23. Rd2 Rfe8 24. Re1 Nd5 25. Qxe7 Rxe7 26. Rxe7 Nxe7 27. Re2 Nd5 28. Re5 Nb6 29. Re7 Rc4 30. Ne6 Nd5 31. Rxg7+ Kh8 32. Rxb7 Ne3 33. Kd2 Nxc2 34. Rxa7 Nb4 35. Nxb4 Rxb4 36. b3 Rf4 37. Ke3 {Black resigns} 1-0

[Event "FICS rated blitz game"]
[Site "FICS freechess.org"]
[FICSGamesDBGameNo "20001417"]
[White "EdoTK"]
[Black "ViniVidiVici"]
[WhiteElo "1647"]
[BlackElo "1734"]
[WhiteRD "na"]
[BlackRD "na"]
[TimeControl "240+0"]
[Date "1999.08.22"]
[Time "08:54:00"]
[WhiteClock "0:04:00.000"]
[BlackClock "0:04:00.000"]
[ECO "B01"]
[PlyCount "50"]
[Result "0-1"]

1. e4 d5 2. exd5 e6 3. dxe6 Bxe6 4. Nc3 Nf6 5. Nf3 Bd6 6. d4 c6 7. Bg5 Nbd7 8. Ne4 Qa5+ 9. Bd2 Qc7 10. Nxd6+ Qxd6 11. c3 O-O-O 12. Be2 Ne4 13. O-O Nxd2 14. Qxd2 Rde8 15. Rad1 h6 16. b3 g5 17. Bc4 g4 18. Bxe6 Rxe6 19. Nh4 Rhe8 20. Rfe1 Nf6 21. Rxe6 Rxe6 22. Re1 Ne4 23. Qd3 Qf4 24. g3 Qxf2+ 25. Kh1 Nxg3+ {White resigns} 0-1

[Event "FICS rated blitz game"]
[Site "FICS freechess.org"]
[FICSGamesDBGameNo "20001416"]
[White "alms"]
[Black "AlZ"]
[WhiteElo "1848"]
[BlackElo "1799"]
[WhiteRD "na"]
[BlackRD "na"]
[TimeControl "180+3"]
[Date "1999.08.22"]
[Time "03:46:00"]
[WhiteClock "0:03:00.000"]
[BlackClock "0:03:00.000"]
[ECO "C34"]
[PlyCount "60"]
[Result "0-1"]

1. e4 e5 2. f4 exf4 3. Nf3 d6 4. d4 g5 5. h4 g4 6. Ng1 Bh6 7. Nc3 Nc6 8. Bb5 a6 9. Bxc6+ bxc6 10. Qd3 Qf6 11. Bd2 Ne7 12. O-O-O Bg7 13. Nge2 f3 14. Bg5 fxe2 15. Bxf6 exd1=Q+ 16. Rxd1 Bxf6 17. Rf1 Bxh4 18. Qc4 Be6 19. d5 Bd7 20. dxc6 Be6 21. Nd5 Bxd5 22. exd5 f5 23. Qf4 h5 24. c4 Rb8 25. c5 Rg8 26. cxd6 Bg5 27. dxc7 Rc8 28. Qxg5 Rxg5 29. Rd1 Rxc7 30. d6 Rxc6+ {White resigns} 0-1

[Event "FICS rated blitz game"]
[Site "FICS freechess.org"]
[FICSGamesDBGameNo "20001415"]
[White "knaranek"]
[Black "bertha"]
[WhiteElo "1763"]
[BlackElo "1998"]
[WhiteRD "na"]
[BlackRD "na"]
[TimeControl "180+0"]
[Date "1999.08.22"]
[Time "03:39:00"]
[WhiteClock "0:03:00.000"]
[BlackClock "0:03:00.000"]
[ECO "B06"]
[PlyCount "48"]
[Result "0-1"]

1. e4 g6 2. d4 c6 3. Nc3 Bg7 4. Be3 Nf6 5. f4 d5 6. e5 Ne4 7. Nxe4 dxe4 8. Bc4 h5 9. d5 Bf5 10. Ne2 O-O 11. Nc3 b5 12. Bb3 b4 13. Na4 a5 14. O-O cxd5 15. Qxd5 Nd7 16. Rfd1 Qc7 17. Rac1 Rfd8 18. Qd2 Nxe5 19. Qf2 Ng4 20. Qe2 Nxe3 21. Qxe3 Rxd1+ 22. Rxd1 Rd8 23. Rxd8+ Qxd8 24. h3 Bd4 {White resigns} 0-1

[Event "FICS rated blitz game"]
[Site "FICS freechess.org"]
[FICSGamesDBGameNo "20001414"]
[White "GRANDWIZARD"]
[Black "bertha"]
[WhiteElo "1444"]
[BlackElo "1998"]
[WhiteRD "na"]
[BlackRD "na"]
[TimeControl "180+0"]
[Date "1999.08.22"]
[Time "03:30:00"]
[WhiteClock "0:03:00.000"]
[BlackClock "0:03:00.000"]
[ECO "C36"]
[PlyCount "48"]
[Result "0-1"]

1. e4 e5 2. f4 d5 3. Nf3 exf4 4. exd5 Nf6 5. Nc3 Nxd5 6. Nxd5 Qxd5 7. d4 Bd6 8. Be2 O-O 9. O-O Nc6 10. c4 Qe4 11. Bd3 Qe8 12. Re1 Qd8 13. c5 Be7 14. Bxf4 Nxd4 15. b4 Ne6 16. Be3 Bf6 17. Rb1 Bd7 18. Qc2 g6 19. Bh6 Re8 20. a4 Bc6 21. Ne5 Qd4+ 22. Kh1 Bxe5 23. b5 Bd5 24. Rxe5 Qxe5 {White resigns} 0-1

[Event "FICS rated blitz game"]
[Site "FICS freechess.org"]
[FICSGamesDBGameNo "20001413"]
[White "Warmongr"]
[Black "DrChessMan"]
[WhiteElo "1663"]
[BlackElo "1387"]
[WhiteRD "na"]
[BlackRD "na"]
[TimeControl "120+12"]
[Date "1999.08.22"]
[Time "00:14:00"]
[WhiteClock "0:02:00.000"]
[BlackClock "0:02:00.000"]
[ECO "C43"]
[PlyCount "45"]
[Result "1-0"]

1. e4 e5 2. Nf3 Nf6 3. d4 Nxe4 4. dxe5 d5 5. Bd3 Nc6 6. O-O Qe7 7. c4 Nxe5 8. Nxe5 Qxe5 9. cxd5 Bd6 10. g3 Qxd5 11. Bxe4 Qxd1 12. Rxd1 O-O 13. Nc3 Bg4 14. f3 Bc8 15. Be3 f5 16. Bd5+ Kh8 17. Nb5 c6 18. Nxd6 cxd5 19. Nxc8 Raxc8 20. Rxd5 Rc2 21. Rb5 h6 22. Rxb7 Re8 23. Rb3 {Black resigns} 1-0

[Event "FICS rated blitz game"]
[Site "FICS freechess.org"]
[FICSGamesDBGameNo "20001412"]
[White "ElConquistador"]
[Black "diamond"]
[WhiteElo "1455"]
[BlackElo "1363"]
[WhiteRD "na"]
[BlackRD "na"]
[TimeControl "180+12"]
[Date "1999.08.21"]
[Time "19:41:00"]
[WhiteClock "0:03:00.000"]
[BlackClock "0:03:00.000"]
[ECO "B93"]
[PlyCount "86"]
[Result "0-1"]

1. e4 c5 2. Nf3 d6 3. d4 cxd4 4. Nxd4 Nf6 5. Nc3 a6 6. f4 Qc7 7. Bd3 Nbd7 8. O-O g6 9. Be3 Bg7 10. Qf3 O-O 11. f5 Ne5 12. Qg3 b5 13. fxg6 hxg6 14. Qh4 Bb7 15. Bh6 Qc5 16. Ne2 Neg4 17. Bxg7 Kxg7 18. c3 e5 19. b4 Qb6 20. h3 Rh8 21. Qg5 Rh5 22. Qc1 exd4 23. Nxd4 Ne5 24. Be2 Rh7 25. Bf3 Nxf3+ 26. Rxf3 Nxe4 27. Kh1 f5 28. Ne6+ Kf6 29. Nf4 g5 30. Ne2 g4 31. Rf4 gxh3 32. g3 Nxg3+ 33. Kh2 Nxe2 34. Rxf5+ Kxf5 35. Qf1+ Nf4 36. Qxf4+ Kxf4 37. Rf1+ Ke3 38. Rf3+ Bxf3 39. Kg3 Rg8+ 40. Kh2 Rg2+ 41. Kh1 Rb2+ 42. Kg1 Kf4+ 43. Kf1 Qf2# {White checkmated} 0-1

[Event "FICS rated blitz game"]
[Site "FICS freechess.org"]
[FICSGamesDBGameNo "20001411"]
[White "Gummiblitz"]
[Black "Chernee"]
[WhiteElo "2209"]
[BlackElo "2201"]
[WhiteRD "na"]
[BlackRD "na"]
[TimeControl "180+0"]
[Date "1999.08.21"]
[Time "19:32:00"]
[WhiteClock "0:03:00.000"]
[BlackClock "0:03:00.000"]
[ECO "B22"]
[PlyCount "81"]
[Result "1-0"]

1. e4 c5 2. Nf3 Nc6 3. c3 Nf6 4. e5 Nd5 5. d4 cxd4 6. Bc4 Nb6 7. Bb3 d5 8. O-O Bg4 9. cxd4 Bxf3 10. gxf3 e6 11. Nc3 Qh4 12. Ne2 Be7 13. Be3 Rc8 14. Rc1 O-O 15. Qd2 Qh5 16. f4 Qg4+ 17. Ng3 h5 18. f3 Qg6 19. Bc2 Qh6 20. f5 Qh8 21. Bd3 h4 22. Ne2 Qh5 23. Nf4 Qg5+ 24. Kh1 Bb4 25. Qf2 exf5 26. Nxd5 Qh5 27. Nxb6 axb6 28. Rg1 Ne7 29. Rg5 Qh7 30. Rcg1 g6 31. d5 Nxd5 32. Bxf5 Nxe3 33. Qxe3 Bc5 34. Qe4 Bxg1 35. Rxg1 Kh8 36. Bxc8 Rxc8 37. e6 fxe6 38. Qxe6 Rf8 39. Rxg6 Qf7 40. Qe5+ Kh7 41. Qh5# {Black checkmated} 1-0

[Event "FICS rated blitz game"]
[Site "FICS freechess.org"]
[FICSGamesDBGameNo "20001410"]
[White "pboy"]
[Black "Vartan"]
[WhiteElo "1637"]
[BlackElo "1786"]
[WhiteRD "na"]
[BlackRD "na"]
[TimeControl "180+0"]
[Date "1999.08.21"]
[Time "17:03:00"]
[WhiteClock "0:03:00.000"]
[BlackClock "0:03:00.000"]
[ECO "C01"]
[PlyCount "70"]
[Result "0-1"]

1. e4 e6 2. Nf3 d5 3. exd5 exd5 4. d4 Nf6 5. Bd3 c5 6. c3 Nc6 7. O-O cxd4 8. cxd4 Be7 9. Bg5 O-O 10. Nc3 h6 11. Bh4 Bg4 12. Be2 Rc8 13. Rc1 Ne4 14. Nxe4 dxe4 15. Ne5 Bxe2 16. Bxe7 Qxe7 17. Qxe2 Nxd4 18. Qxe4 Rxc1 19. Rxc1 Nc6 20. f4 Rd8 21. h3 Kh8 22. Kh2 Rd4 23. Qf5 Nxe5 24. fxe5 g6 25. Rc8+ Kg7 26. Qf2 Qxe5+ 27. g3 Re4 28. Rc2 h5 29. h4 Rxh4+ 30. Kg2 Re4 31. Kg1 Re1+ 32. Kg2 Qe4+ 33. Qf3 Rg1+ 34. Kf2 Qxf3+ 35. Kxf3 Ra1 {White forfeits on time} 0-1

[Event "FICS rated blitz game"]
[Site "FICS freechess.org"]
[FICSGamesDBGameNo "20001409"]
[White "BlueRes"]
[Black "pietro"]
[WhiteElo "960"]
[BlackElo "954"]
[WhiteRD "na"]
[BlackRD "na"]
[TimeControl "300+0"]
[Date "1999.08.21"]
[Time "15:35:00"]
[WhiteClock "0:05:00.000"]
[BlackClock "0:05:00.000"]
[ECO "C44"]
[PlyCount "40"]
[Result "0-1"]

1. e4 e5 2. Nf3 Nc6 3. d4 Qe7 4. dxe5 Nxe5 5. Nxe5 Qxe5 6. Nc3 Bb4 7. Bd2 Nf6 8. Nb5 Bc5 9. Nc3 O-O 10. Qf3 Qd4 11. Be3 Qb4 12. Bxc5 Qxc5 13. Nd5 Qxc2 14. Ne7+ Kh8 15. Nxc8 Raxc8 16. b3 Rce8 17. Bd3 Qc3+ 18. Ke2 d5 19. Rac1 Qb2+ 20. Rc2 Qd4 {White resigns} 0-1

[Event "FICS rated blitz game"]
[Site "FICS freechess.org"]
[FICSGamesDBGameNo "20001408"]
[White "Bogardan"]
[Black "KuKanaka"]
[WhiteElo "1216"]
[BlackElo "1298"]
[WhiteRD "na"]
[BlackRD "na"]
[TimeControl "120+2"]
[Date "1999.08.21"]
[Time "12:12:00"]
[WhiteClock "0:02:00.000"]
[BlackClock "0:02:00.000"]
[ECO "C44"]
[PlyCount "94"]
[Result "0-1"]

1. e4 e5 2. Nf3 Nc6 3. d4 f5 4. d5 fxe4 5. dxc6 exf3 6. Qxf3 bxc6 7. Bc4 d5 8. Be2 Nf6 9. O-O Bc5 10. Nc3 O-O 11. Be3 d4 12. Bxd4 Bxd4 13. Qxc6 Bd7 14. Qc4+ Kh8 15. Nd5 Nxd5 16. Qxd5 c6 17. Qd6 Rf6 18. c3 Rxd6 19. cxd4 exd4 20. Bd3 Qg5 21. Rae1 g6 22. Re2 Bg4 23. Ree1 Kg7 24. h3 Be6 25. f4 Qf6 26. Re5 Rf8 27. b3 Rd5 28. g3 Rxe5 29. fxe5 Qxf1+ 30. Bxf1 c5 31. Bd3 Bf5 32. Bc4 d3 33. Kf2 d2 34. Ke3 Rd8 35. Be2 Bxh3 36. Bd1 Bf5 37. Kf4 Bb1 38. a3 Rb8 39. Ke3 Rd8 40. e6 Kf8 41. Kf4 Ke7 42. Ke5 Rf8 43. g4 Rf1 44. Be2 Re1 45. Kf4 Rxe2 46. Kf3 Rxe6 47. g5 d1=Q+ {White resigns} 0-1

[Event "FICS rated blitz game"]
[Site "FICS freechess.org"]
[FICSGamesDBGameNo "20001407"]
[White "mssriram"]
[Black "slayergregan"]
[WhiteElo "1582"]
[BlackElo "1339"]
[WhiteRD "na"]
[BlackRD "na"]
[TimeControl "300+5"]
[Date "1999.08.21"]
[Time "10:21:00"]
[WhiteClock "0:05:00.000"]
[BlackClock "0:05:00.000"]
[ECO "C42"]
[PlyCount "101"]
[Result "1-0"]

1. e4 e5 2. Nf3 Nf6 3. Nxe5 d6 4. Nf3 Nxe4 5. d4 Qe7 6. Be2 Bf5 7. O-O g6 8. c3 Bg7 9. Re1 O-O 10. Bd3 d5 11. Nbd2 Nxc3 12. Rxe7 Nxd1 13. Bxf5 gxf5 14. Re1 Nxf2 15. Kxf2 Nc6 16. Nb3 a5 17. Be3 Nb4 18. Re2 Nd3+ 19. Kf1 Rfe8 20. Bg1 a4 21. Nc5 Nxc5 22. dxc5 Rxe2 23. Kxe2 Bxb2 24. Rb1 a3 25. Bd4 Re8+ 26. Kd3 f4 27. Bxb2 Re3+ 28. Kd4 axb2 29. Rxb2 Re4+ 30. Kxd5 Ra4 31. Ng5 c6+ 32. Kd6 Kg7 33. Kc7 Rc4 34. Rxb7 Rxc5 35. Ne6+ fxe6 36. Kd6+ Kf6 37. Kxc5 e5 38. Rxh7 e4 39. Kd4 e3 40. Kd3 Ke5 41. Ke2 c5 42. Rd7 c4 43. a4 c3 44. a5 c2 45. Rc7 Kd4 46. a6 f3+ 47. gxf3 c1=Q 48. Rxc1 Ke5 49. Kxe3 Kf5 50. Rc5+ Kg6 51. Kf4 {Black resigns} 1-0

[Event "FICS rated blitz game"]
[Site "FICS freechess.org"]
[FICSGamesDBGameNo "20001406"]
[White "Torminator"]
[Black "Joam"]
[WhiteElo "1565"]
[BlackElo "1856"]
[WhiteRD "na"]
[BlackRD "na"]
[TimeControl "300+0"]
[Date "1999.08.21"]
[Time "06:43:00"]
[WhiteClock "0:05:00.000"]
[BlackClock "0:05:00.000"]
[ECO "A45"]
[PlyCount "50"]
[Result "0-1"]

1. d4 Nf6 2. e3 g6 3. Bd3 Bg7 4. f4 O-O 5. Nf3 d6 6. O-O Nbd7 7. Nbd2 Re8 8. c3 e5 9. Qc2 Qe7 10. Ne4 Nxe4 11. Bxe4 Nf6 12. fxe5 Nxe4 13. Qxe4 dxe5 14. Qc2 e4 15. Nd2 c5 16. Qb3 cxd4 17. exd4 e3 18. Ne4 Qxe4 19. Qxf7+ Kh8 20. b3 e2 21. Bb2 exf1=Q+ 22. Rxf1 Bg4 23. d5 Rf8 24. Qxb7 Qe3+ 25. Kh1 Rxf1# {White checkmated} 0-1

[Event "FICS rated lightning game"]
[Site "FICS freechess.org"]
[FICSGamesDBGameNo "20001405"]
[White "kumarms"]
[Black "Tanuki"]
[WhiteElo "1796"]
[BlackElo "1908"]
[WhiteRD "na"]
[BlackRD "na"]
[TimeControl "60+0"]
[Date "1999.08.21"]
[Time "01:33:00"]
[WhiteClock "0:01:00.000"]
[BlackClock "0:01:00.000"]
[ECO "C00"]
[PlyCount "38"]
[Result "0-1"]

1. e4 e6 2. c3 d5 3. d4 dxe4 4. Nd2 f5 5. Bb5+ Bd7 6. Bxd7+ Nxd7 7. g4 Ngf6 8. Ne2 Bd6 9. Ng3 fxg4 10. Ngxe4 Nxe4 11. Nxe4 h5 12. Bg5 Nf6 13. Nxd6+ cxd6 14. Qd3 O-O 15. O-O Qe8 16. Rae1 Nd5 17. c4 Nf4 18. Qg3 Nh3+ 19. Kh1 Qd7 {White forfeits on time} 0-1

[Event "FICS rated standard game"]
[Site "FICS freechess.org"]
[FICSGamesDBGameNo "20001403"]
[White "Ryanowski"]
[Black "TARZZZ"]
[WhiteElo "1897"]
[BlackElo "1682"]
[WhiteRD "na"]
[BlackRD "na"]
[TimeControl "900+0"]
[Date "1999.08.20"]
[Time "13:47:00"]
[WhiteClock "0:15:00.000"]
[BlackClock "0:15:00.000"]
[ECO "A29"]
[PlyCount "111"]
[Result "1/2-1/2"]

1. c4 e5 2. Nc3 Nc6 3. g3 Nf6 4. Bg2 Bb4 5. Nf3 d6 6. O-O O-O 7. d4 Nxd4 8. Nxd4 exd4 9. Qxd4 Re8 10. Re1 Ng4 11. e3 Qf6 12. Qxf6 Nxf6 13. Bd2 c6 14. a3 Ba5 15. b4 Bb6 16. Rac1 Bf5 17. Ne2 Ne4 18. Bc3 Nxf2 19. Kxf2 Bxe3+ 20. Kf1 Bxc1 21. Nxc1 Re6 22. Ne2 Bd3 23. c5 Rae8 24. Bf3 dxc5 25. bxc5 b6 26. cxb6 axb6 27. Kf2 b5 28. Nf4 Rxe1 29. Bxe1 Be4 30. Bxe4 Rxe4 31. Bb4 Rc4 32. Nd3 Rc2+ 33. Ke3 Rxh2 34. Kd4 Rc2 35. Ke5 f6+ 36. Kd6 g5 37. Nc5 h5 38. Kxc6 h4 39. gxh4 gxh4 40. Be1 h3 41. Bg3 h2 42. Bxh2 Rxh2 43. Kxb5 f5 44. a4 f4 45. a5 f3 46. Ne4 Re2 47. Ng3 Rb2+ 48. Kc4 f2 49. a6 Ra2 50. Kb5 Ra1 51. Kb6 f1=Q 52. Nxf1 Rxf1 53. a7 Rb1+ 54. Kc7 Ra1 55. Kb7 Rxa7+ 56. Kxa7 {Neither player has mating material} 1/2-1/2